[Event "*** SCC Grand Prix: Titled Tuesday Blitz"]
[Site "Chess.com"]
[Date "2020.06.23"]
[Round "1"]
[White "Dr-Bassem"]
[Black "MathiasWomacka"]
[Result "1-0"]
[WhiteElo "2796"]
[BlackElo "2403"]
[TimeControl "180+1"]
[EndTime "10:07:21 PDT"]
[Termination "Dr-Bassem won by resignation"]

1. e4 c5 2. Nf3 d6 3. g3 e5 4. Bg2 Nc6 5. O-O g6 6. c3 Bg7 7.
a3 Nge7 8. b4 O-O 9. d3 h6 10.
Nbd2 Be6 11. Nb3 c4 12. dxc4 Bxc4 13. Re1 Qc7 14. Nfd2 Be6 15. a4 a5 16. b5 Nb8 17.
Ba3 Rd8 18. c4 Nd7 19. Qe2 Nc8 20. Rac1 Nc5 21. Nxc5 dxc5 22. Nb3 b6 23. Bb2 Nd6 24.
Nd2 h5 25. Nf1 f6 26. f4 Bg4 27. Qf2 Re8 28. Ne3 Be6 29. f5 Bf7 30. fxg6 Bxg6 31. Nd5 Qf7 32. Nxb6 Rad8 33. Nd5 f5 34. exf5 Nxf5 35.
Qxc5 Nd4 36. Bxd4 exd4 37. Ne7+ Kh7 38. Bd5 Qf6 39. Re6 Qg5 40. Rce1 Bf7 41. Be4+ Kh8 42.
Qxg5 1-0

[Event "*** SCC Grand Prix: Titled Tuesday Blitz"]
[Site "Chess.com"]
[Date "2020.06.23"]
[Round "1"]
[White "Artyom_ChessMate"]
[Black "picturesquecheck"]
[Result "1-0"]
[WhiteElo "2505"]
[BlackElo "2081"]
[TimeControl "180+1"]
[EndTime "10:07:21 PDT"]
[Termination "Artyom_ChessMate won by resignation"]

1. e4 c5 2. Nc3 Nc6 3. Bb5 g6 4. Bxc6 bxc6 5. d3 Bg7 6. f4 d6 7. Nf3 Nf6 8. O-O O-O 9. Qe1 c4 10. Qh4 cxd3 11. cxd3 Nd7 12. f5 e6 13. Bg5 f6 14.
Be3 exf5 15. exf5 Ne5 16. fxg6 hxg6 17. Nxe5 dxe5 18. Qc4+ Kh8 19. Ne4 Qd5 20. Qc2 Bf5 21. Nc5 Rad8 22. Rad1 Rfe8 23. Qa4 Bf8 24. Ne4 Qf7 25.
Qxa7 Rd7 26. Qa4 Red8 27. Qxc6 Be7 28. Ng3 Bxd3 29. Rf2 f5 30. Bc1 e4 31. Bf4 Bf6 32.
Rfd2 Bg7 33. Nf1 Qf6 34. Qxf6 Bxf6 35. Ne3 Rc8 36. h4 Kg7 37. b3 Bd4 38. Kh2 Bc3 39. Rf2 Rcd8 40. Kg3 Bb5 41. Rxd7+ Rxd7 42. Nc4 Bxc4 43.
bxc4 Rd3+ 44. Kh2 Bf6 45. Rc2 Bxh4 46. c5 e3 47. c6 e2 48. Rxe2 Rc3 49. c7 Rc6 50. Re8 g5 51. Be5+ Kf7 52. c8=Q 1-0

[Event "*** SCC Grand Prix: Titled Tuesday Blitz"]
[Site "Chess.com"]
[Date "2020.06.23"]
[Round "1"]
[White "Poghosyan_Suren"]
[Black "Anuar_Is"]
[Result "0-1"]
[WhiteElo "2425"]
[BlackElo "2834"]
[TimeControl "180+1"]
[EndTime "10:07:23 PDT"]
[Termination "Anuar_Is won by resignation"]

1. d4 Nf6 2. c4 e6 3. Nc3 Bb4 4. e3 O-O 5. Ne2 c6 6. a3 Ba5 7. b4 Bc7 8. Ng3 d5 9. Bd3 Nbd7 10. O-O dxc4 11. Bxc4 e5 12. Ba2 Nb6 13. Re1 Qe7 14.
b5 Be6 15. bxc6 bxc6 16. dxe5 Bxe5 17. Qc2 Rfd8 18. Bxe6 Qxe6 19. Rb1 Rd7 20. Nce4 Qc4 21.
Nxf6+ Bxf6 22. Qxc4 Nxc4 23. Ne4 Be7 24. Rb3 Rad8 25.
Rc3 Ne5 26. Kf1 f5 27. Ng3 g6 28. e4 Nd3 29. Rd1 f4 30. Ne2 g5 31. Rc4 Nxc1 32.
Rxd7 Rxd7 33. Nxc1 Bxa3 34. Ke2 c5 35. Nd3 Rd4 36.
Rxd4 cxd4 37. e5 a5 38. Kf3 Bb4 39. Ke4 Bc3 40. Kf5 a4 41. e6 Kf8 42. Kf6 a3 43. e7+ Ke8 44. Ke6 a2 45. Ne5 a1=Q 46. Nc4 Bb4 0-1

[Event "*** SCC Grand Prix: Titled Tuesday Blitz"]
[Site "Chess.com"]
[Date "2020.06.23"]
[Round "1"]
[White "bazar-wokzal"]
[Black "amintabatabaei"]
[Result "0-1"]
[WhiteElo "2416"]
[BlackElo "2819"]
[TimeControl "180+1"]
[EndTime "10:07:23 PDT"]
[Termination "amintabatabaei won on time"]

1. e4 c5 2. c3 Nf6 3. e5 Nd5 4.
d4 cxd4 5. cxd4 d6 6. Bc4 e6 7.
Nf3 Be7 8. O-O O-O 9. Qe2 b6 10. Nc3 Nxc3 11. bxc3 Bb7 12. Bf4 dxe5 13. Nxe5 Nd7 14.
Rfe1 Nxe5 15. Bxe5 Rc8 16. Rac1 Bd6 17. Bb3 Bxe5 18. Qxe5 Qc7 19. Qg5 h6 20. Qg4 Rfd8 21. Re3 Qe7 22. Rce1 Qg5 23. Qxg5 hxg5 24. f3 Rc7 25.
Kf2 Rdc8 26. Rc1 Ba6 27. Ke1 Bc4 28. Kd2 Kh7 29. Re5 Kg6 30. Re3 b5 31. g3 a5 32.
Rh1 b4 33. cxb4 Bxb3 34. Rxb3 Rc2+ 35. Ke3 axb4 36. h4 Rxa2 37. hxg5 Ra3 38. Rxa3 bxa3 39. f4 Kf5 40. Ra1 Rc3+ 41. Kf2 Kg4 42. Ra2 Rxg3 43.
g6 fxg6 44. f5 gxf5 0-1

[Event "*** SCC Grand Prix: Titled Tuesday Blitz"]
[Site "Chess.com"]
[Date "2020.06.23"]
[Round "1"]
[White "kleopl"]
[Black "JonahWillow"]
[Result "1-0"]
[WhiteElo "2397"]
[BlackElo "2709"]
[TimeControl "180+1"]
[EndTime "10:07:23 PDT"]
[Termination "kleopl won by resignation"]

1. c4 c5 2. Nf3 Nc6 3. Nc3 g6 4. g3 Bg7 5. Bg2 d6 6. O-O e6 7. e3 Nge7 8. d4 O-O 9. d5 exd5 10. cxd5 Na5 11. e4 a6 12. a4 Rb8 13. Bg5 h6 14. Bxe7 Qxe7 15. Re1 Nc4 16. Qe2 b5 17. axb5 axb5 18.
Nxb5 Rxb5 19. Qxc4 Rxb2 20. Rad1 Rb4 21. Qe2 Re8 22.
e5 Bg4 23. e6 fxe6 24. h3 Bxf3 25. Bxf3 e5 26. Bg4 Qg5 27. Be6+ Kh7 28. Ra1 Reb8 29. Ra6 Rb3 30. Kh2 Rb2 31. Qf1 Rf8 32. Re2 Rxe2 33. Qxe2 Qf6 34. Kg2 Qe7 35. Qa2 Rb8 36.
Ra7 Rb7 37. Ra8 Bf6 38. Bg8+ Kg7 39. Be6 h5 40. Rg8+ Kh7 41. Qc2 e4 42. Qxe4 Qg7 43. Rxg7+ Kxg7 44. Bc8 Re7 45. Qf3 Be5 46. Be6 c4 47.
Qa3 c3 48. Qa8 Kf6 49. Qf8+ 1-0

[Event "*** SCC Grand Prix: Titled Tuesday Blitz"]
[Site "Chess.com"]
[Date "2020.06.23"]
[Round "1"]
[White "akashcheck"]
[Black "Titus369"]
[Result "0-1"]
[WhiteElo "2239"]
[BlackElo "2571"]
[TimeControl "180+1"]
[EndTime "10:07:24 PDT"]
[Termination "Titus369 won by resignation"]

1. e4 c5 2. Nf3 d6 3. Bb5+ Nd7 4. O-O Nf6 5. Re1 a6 6. Bf1 b5 7. c3 Bb7 8. d3 e6 9. Bg5 Be7 10. Nbd2 O-O 11. Rc1 Rc8 12. g3 Qc7 13. Bg2 Qb8 14. Nf1 h6 15. Bf4 Qa8 16. h3 Rfe8 17. Qd2 Bf8 18.
N1h2 e5 19. Be3 c4 20. Nh4 cxd3 21. f3 d5 22. exd5 Nxd5 23. Bf2 Nc5 24. b4 Na4 25. Qxd3 Naxc3 26. a3 a5 27. Bc5 Bxc5+ 28. bxc5 b4 29.
Nf5 Rxc5 30. Nd6 Re6 31. Nxb7 Qxb7 32. f4 exf4 33. Rxe6 fxe6 34. gxf4 Ne2+ 35. Qxe2 Rxc1+ 36. Kf2 Qb6+ 37. Kg3 Qe3+ 38. Qxe3 Nxe3 39. axb4 axb4 40. Be4 b3 41. Nf3 b2 42. Nd2 Nc4 43. Nxc4 Rxc4 44. Bd3 Rc1 0-1

[Event "*** SCC Grand Prix: Titled Tuesday Blitz"]
[Site "Chess.com"]
[Date "2020.06.23"]
[Round "1"]
[White "Zufi1811"]
[Black "Bigfish1995"]
[Result "0-1"]
[WhiteElo "2466"]
[BlackElo "3049"]
[TimeControl "180+1"]
[EndTime "10:07:25 PDT"]
[Termination "Bigfish1995 won on time"]

1. e4 c5 2. Nf3 d6 3. d4 cxd4 4. Nxd4 Nf6 5. Nc3 a6 6. Bd3 g6 7. f3 Qb6 8. Nb3 Bg7 9. Qe2 Nc6 10. Be3 Qc7 11. Qd2 Be6 12. Bh6 Bxh6 13. Qxh6 O-O-O 14. O-O-O Ne5 15. Be2 d5 16. exd5 Bxd5 17. Kb1 Bc4 18.
Qe3 Bxe2 19. Qxe2 Nc4 20. Ne4 Nxe4 21. Qxe4 e6 22. a3 h5 23. f4 Kb8 24. g3 h4 25. Ka2 Nd6 26. Qe2 Qc6 27. Rhe1 Ka8 28. Kb1 Rc8 29. Nd4 Qc7 30. Nf3 hxg3 31. hxg3 Nc4 32. Ne5 Nxe5 33. fxe5 Rhd8 34. Qe4 Qc5 35. Rxd8 Rxd8 36. Ka2 Rd5 37. c3 Qf2 38. g4 Rd2 39.
Qb4 Qxe1 40. Qf8+ Ka7 41. Qc5+ Kb8 42. Qf8+ Kc7 0-1

[Event "*** SCC Grand Prix: Titled Tuesday Blitz"]
[Site "Chess.com"]
[Date "2020.06.23"]
[Round "1"]
[White "GM_dmitrij"]
[Black "iverichighladze"]
[Result "1-0"]
[WhiteElo "2908"]
[BlackElo "2450"]
[TimeControl "180+1"]
[EndTime "10:07:25 PDT"]
[Termination "GM_dmitrij won by resignation"]

1. e4 Nf6 2. e5 Nd5 3. d4 d6 4. Nf3 Nc6 5. e6 fxe6 6. Bd3 g6 7.
h4 Bg7 8. h5 Ndb4 9. hxg6 Nxd3+ 10. Qxd3 e5 11. Rxh7 Rg8 12. d5 Nd4 13. Nxd4 exd4 14.
Bh6 Bxh6 15. Rxh6 Qd7 16. Qxd4 Qf5 17. Nc3 e5 18. dxe6 Qxe6+ 19. Qe4 d5 20. Qxe6+ Bxe6 21. O-O-O O-O-O 22. Re1 Kd7 23. Nb5 Bf5 24. Rh7+ Kc8 25. Rxc7+ Kb8 26. Ree7 Bc8 27. g7 a6 28. Nd4 Rd6 29.
f4 Rg6 30. f5 Rxg2 31. f6 Rh2 32. b3 Rf2 33. f7 Rxg7 34. Rxc8+ Kxc8 35. Re8+ Kd7 36. f8=Q Rxf8 37. Rxf8 Rg4 38. Ne2 Re4 39. Nc3 Re5 40. Kb2 d4 41. Nb1 Re2 42. Rf4 Kc6 43. Rxd4 b5 44. Rd3 Kc5 45. Nc3 Kb6 46. Nxe2 1-0

[Event "*** SCC Grand Prix: Titled Tuesday Blitz"]
[Site "Chess.com"]
[Date "2020.06.23"]
[Round "1"]
[White "RojonR"]
[Black "BilodeauA"]
[Result "0-1"]
[WhiteElo "2437"]
[BlackElo "2850"]
[TimeControl "180+1"]
[EndTime "10:07:25 PDT"]
[Termination "BilodeauA won on time"]

1. e4 e5 2. Nf3 Nc6 3. Nc3 Nf6 4.
Be2 d5 5. exd5 Nxd5 6. O-O Nxc3 7. bxc3 Bd6 8. d4 O-O 9. Rb1 Rb8 10. Be3 Bf5 11.
d5 Ne7 12. c4 b6 13. Re1 Ng6 14.
Qd2 Re8 15. Bf1 Qd7 16. Qc3 Qa4 17. Rb3 a5 18. a3 Qd7 19. c5 bxc5 20. Bxc5 a4 21.
Rb4 Rxb4 22. axb4 Ra8 23. Ra1 e4 24. Nd4 Be5 25. Bb5 Qxd5 26. Rxa4 Rxa4 27. Bxa4 Qa2 28. Bb5 Nf4 29. Bf1 Qb1 30. Qd2 Bd7 31. Nc6 f6 32. Nxe5 fxe5 33. g3 Bb5 34. Qd8+ Kf7 35. Qe7+ Kg6 36. Qe8+ Bxe8 37. gxf4 Bb5 0-1

[Event "*** SCC Grand Prix: Titled Tuesday Blitz"]
[Site "Chess.com"]
[Date "2020.06.23"]
[Round "1"]
[White "FelixBlohberger"]
[Black "1f3_2g41-0"]
[Result "0-1"]
[WhiteElo "2548"]
[BlackElo "2233"]
[TimeControl "180+1"]
[EndTime "10:07:25 PDT"]
[Termination "1f3_2g41-0 won by resignation"]

1. e4 c5 2. Nf3 d6 3. d4 cxd4 4. Nxd4 Nf6 5. Nc3 a6 6. h3 e5 7. Nde2 h5 8. g3 Be7 9. Bg2 O-O 10. O-O b5 11. Nd5 Nxd5 12. Qxd5 Ra7 13. Be3 Bb7 14. Qd2 Ra8 15. a4 Nc6 16. Nc3 bxa4 17. Rxa4 Rc8 18. Nd5 a5 19. Rd1 Qe8 20. Bf3 Nd4 21.
Bxd4 Bxd5 22. Rxa5 Be6 23. Be3 Bxh3 24. Bxh5 Qc6 25.
Kh2 Be6 26. Ra7 Bf6 27. Qxd6 Qxe4 28. Qd3 Qc6 29. c3 g6 30. Be2 Kg7 31. f3 Rh8+ 32. Kg2 Bh3+ 33. Kf2 Bf5 34. Qd5 Rh2+ 35. Ke1 Rh1+ 36.
Bf1 Qxd5 37. Rxd5 Bh3 38. Ke2 Bxf1+ 39. Kf2 Bc4 40. Rdd7 Rh2+ 41. Ke1 Re2+ 0-1

[Event "*** SCC Grand Prix: Titled Tuesday Blitz"]
[Site "Chess.com"]
[Date "2020.06.23"]
[Round "1"]
[White "VincentKeymer"]
[Black "realmadridtv"]
[Result "1-0"]
[WhiteElo "2843"]
[BlackElo "2429"]
[TimeControl "180+1"]
[EndTime "10:07:26 PDT"]
[Termination "VincentKeymer won by resignation"]

1. Nf3 Nf6 2. c4 g5 3. Nxg5 e5 4. d3 d5 5. cxd5 Nxd5 6. Nf3 Nc6 7. a3 Bg7 8. e4 Nf4 9. g3 Ne6 10. Be3 b6 11. Nbd2 Bb7 12. Qc2 Qd7 13. b4 O-O-O 14. Nb3 f5 15. Bh3 Rhf8 16. Rd1 Kb8 17. Nh4 f4 18.
Bxe6 Qxe6 19. Bd2 f3 20. Be3 Ne7 21. Nd2 Qh3 22. Ndxf3 Rxf3 23. Nxf3 Qg2 24. Ke2 Rf8 25.
Nh4 Qh3 26. Rc1 c6 27. f3 Bf6 28. Rhf1 Bxh4 29. gxh4 Qxh2+ 30. Rf2 Qxh4 31. Qc4 Bc8 32. d4 exd4 33. Qxd4 Kb7 34. Qg7 Rg8 35. Qf7 Rg6 36. Rd1 Kc7 37. Qf4+ Qxf4 38. Bxf4+ Kb7 39. Bd6 Ng8 40.
Ke3 Nf6 41. Be5 Nd7 42. Bc3 c5 43. f4 cxb4 44. axb4 a5 45. f5 b5 46. fxg6 1-0

[Event "*** SCC Grand Prix: Titled Tuesday Blitz"]
[Site "Chess.com"]
[Date "2020.06.23"]
[Round "1"]
[White "olksuna"]
[Black "LuisFSiles"]
[Result "0-1"]
[WhiteElo "2608"]
[BlackElo "2322"]
[TimeControl "180+1"]
[EndTime "10:07:27 PDT"]
[Termination "LuisFSiles won on time"]

1. c4 Nf6 2. Nc3 g6 3. d4 Bg7 4. e4 d6 5. Be2 O-O 6. Bg5 c5 7. d5 h6 8. Bf4 e6 9. dxe6 Bxe6 10.
Bxd6 Re8 11. e5 Nfd7 12. f4 Nc6 13. Nf3 f6 14. Bd3 Bf7 15. O-O fxe5 16. f5 gxf5 17. Bxf5 Bxc4 18. Re1 Qf6 19. Bxd7 Red8 20. Ne4 Qf4 21.
Qc2 Bd5 22. Bxc6 Bxc6 23. Bxc5 Rac8 24. Qb3+ Bd5 25. Qb4 a5 26. Qa4 b5 27. Qc2 Bxe4 28.
Rxe4 Rxc5 29. Qe2 Rc1+ 30. Rxc1 Qxc1+ 31. Kf2 Qc5+ 32. Kg3 Rf8 33. h3 Bf6 34. Kh2 Qc7 35. b3 Bg7 36. Qxb5 Rf4 37. Qd3 Qf7 38. Qd8+ Kh7 39. Qa8 Qf5 40. Rxf4 Qxf4+ 41. Kh1 e4 42. Ng1 Be5 0-1

[Event "*** SCC Grand Prix: Titled Tuesday Blitz"]
[Site "Chess.com"]
[Date "2020.06.23"]
[Round "1"]
[White "doons21"]
[Black "mfwagnerpeixoto"]
[Result "1-0"]
[WhiteElo "2546"]
[BlackElo "2190"]
[TimeControl "180+1"]
[EndTime "10:07:27 PDT"]
[Termination "doons21 won by resignation"]

1. e4 c5 2. c3 Nf6 3. e5 Nd5 4. d4 cxd4 5. Nf3 e6 6. Bc4 Nb6 7. Bb3 Nc6 8. cxd4 d6 9. Qe2 dxe5 10. dxe5 Be7 11. O-O O-O 12. Rd1 Qc7 13. Nc3 a6 14.
a3 Na5 15. Bc2 Bd7 16. Qe4 g6 17. Bh6 Rfd8 18. Qf4 Nac4 19. Ne4 Bc6 20. Nf6+ Kh8 21. Ng5 Rf8 22. Bxf8 Rxf8 23. Nfxh7 Nxe5 24. Qh4 Kg7 25. Qd4 Bxg5 26. Nxg5 Kg8 27. Qh4 Kg7 28. Qg3 Nd5 29. Re1 Nd7 30. Qxc7 Nxc7 31. Rac1 Nd5 32. Ne4 N7f6 33.
Nxf6 Kxf6 34. Be4 Rd8 35. Red1 Rh8 36. f3 Nf4 37. Re1 Bxe4 38. Rxe4 Nd3 39. Rc7 Ne5 40.
Rxb7 Nc6 41. Rf4+ Ke5 42. Rfxf7 Rd8 43. Kf2 Rd2+ 44. Kg3 Rxb2 45. Rxb2 1-0

[Event "*** SCC Grand Prix: Titled Tuesday Blitz"]
[Site "Chess.com"]
[Date "2020.06.23"]
[Round "1"]
[White "Biranidun"]
[Black "Omk124"]
[Result "1-0"]
[WhiteElo "2734"]
[BlackElo "2384"]
[TimeControl "180+1"]
[EndTime "10:07:29 PDT"]
[Termination "Biranidun won by checkmate"]

1. e4 g6 2. d4 Bg7 3. Nc3 c6 4. f4 d5 5. e5 Nh6 6. Nf3 O-O 7. Be3 f6 8. h3 fxe5 9. fxe5 Bf5 10. Qd2 Nf7 11.
g4 Be4 12. Nxe4 dxe4 13. Ng1 e6 14. Bg2 c5 15. c3 cxd4 16. cxd4 Nc6 17. Bxe4 Qh4+ 18.
Bf2 Qg5 19. Nf3 Qxd2+ 20. Kxd2 Rad8 21. Ke2 Rd7 22. Rac1 Nfd8 23. Be3 Nb4 24. a3 Nd5 25. Rc8 Nc6 26. Rxf8+ Bxf8 27. Bd2 Nb6 28. Bc3 Ne7 29.
Ng5 Ned5 30. Nxe6 Be7 31. Bd2 Nc4 32. Bc1 Ndb6 33. Rd1 Na4 34. Rd3 Ncxb2 35. Bxb2 Nxb2 36. Rb3 Nc4 37. Bxb7 Kf7 38. Nf4 Rxd4 39. Bd5+ Kg7 40.
Ne6+ Kh6 41. Nxd4 Nxa3 42. Rb7 Bc5 43. Nf3 a5 44. g5+ Kh5 45. Rxh7# 1-0

[Event "*** SCC Grand Prix: Titled Tuesday Blitz"]
[Site "Chess.com"]
[Date "2020.06.23"]
[Round "1"]
[White "Playgood28"]
[Black "Chessmasterzt"]
[Result "0-1"]
[WhiteElo "2281"]
[BlackElo "2609"]
[TimeControl "180+1"]
[EndTime "10:07:29 PDT"]
[Termination "Chessmasterzt won on time"]

1. d4 Nf6 2. c4 e6 3. Nc3 Bb4 4. Qc2 O-O 5. a3 Bxc3+ 6. Qxc3 b5 7. e3 bxc4 8. Bxc4 a5 9. b3 Bb7 10. Nf3 Ne4 11. Qc2 f5 12. Bb2 Bd5 13. O-O c6 14. a4 Na6 15. Ba3 Rf6 16. Ne5 Rh6 17. Bxd5 cxd5 18. f3 Nf6 19. Rfc1 Ne8 20. Qd2 Rb8 21. Rc3 Qh4 22. g3 Qh5 23. Rac1 g5 24.
Rc8 Rxc8 25. Rxc8 Kg7 26. Nxd7 Qxf3 27. Rxe8 f4 28. Ne5 Qe4 29. exf4 Qb1+ 30. Kg2 Qe4+ 31. Kg1 Qb1+ 32. Bc1 Qe4 33. fxg5 Rh5 34. Re7+ Kf8 35. Qf4+ Qxf4 0-1

[Event "*** SCC Grand Prix: Titled Tuesday Blitz"]
[Site "Chess.com"]
[Date "2020.06.23"]
[Round "1"]
[White "Kezin_Roman"]
[Black "Mikasinski"]
[Result "1-0"]
[WhiteElo "2779"]
[BlackElo "2399"]
[TimeControl "180+1"]
[EndTime "10:07:31 PDT"]
[Termination "Kezin_Roman won on time"]

1. d4 Nf6 2. c4 g6 3. Nc3 Bg7 4. Nf3 O-O 5. Bg5 d6 6. e3 c5 7.
d5 Bf5 8. Nd2 h6 9. Bh4 g5 10.
Bg3 Nbd7 11. Be2 Bh7 12. O-O a6 13. a4 Ne8 14. a5 f5 15. f4 Nef6 16. Kh1 Qe8 17. Rb1 Rb8 18. b4 cxb4 19. Rxb4 Ng4 20. Bxg4 Bxc3 21. Bh5 Bg6 22. Bxg6 Qxg6 23. Ra4 Nc5 24.
Ra2 Bxd2 25. Qxd2 Ne4 26. Qe1 Rbc8 27. Rc2 Rc5 28. Qe2 Rfc8 29. Rb1 Rxa5 30. Be1 Rac5 31. Rxb7 R8c7 32. Rb8+ Rc8 33. Rb7 R8c7 34. Rb6 gxf4 35. exf4 a5 36. Ra6 Qf6 37. Rxa5 Rxa5 38. Bxa5 Qh4 39. Be1 Qxf4 40. g3 Qe5 41. Kg2 Kh7 42. Ra2 Nf6 43. Qxe5 dxe5 44. Ra4 Ng4 45. Bd2 e4 46.
Bf4 Rc8 47. h3 Nf6 48. Kf2 Kg6 49. Ke3 Nh5 50. Be5 Nf6 51. Kd4 Nd7 52. Ra6+ Kf7 53. Bf4 Nf6 54. c5 h5 55. c6 Rd8 56. c7 1-0

[Event "*** SCC Grand Prix: Titled Tuesday Blitz"]
[Site "Chess.com"]
[Date "2020.06.23"]
[Round "1"]
[White "FM_VS99"]
[Black "NTBT_DHS"]
[Result "0-1"]
[WhiteElo "2303"]
[BlackElo "2619"]
[TimeControl "180+1"]
[EndTime "10:07:31 PDT"]
[Termination "NTBT_DHS won by checkmate"]

1. c4 Nf6 2. g3 g6 3. Bg2 Bg7 4. Nf3 d6 5. d4 O-O 6. O-O Nc6 7. Nc3 a6 8. d5 Na5 9. Nd2 c5 10. dxc6 Nxc6 11. Nb3 Be6 12. Nd5 Rc8 13. Be3 Ne5 14. Bb6 Qd7 15. Bd4 Nxc4 16. Bxf6 exf6 17. Qd4 f5 18.
Nf6+ Bxf6 19. Qxf6 b5 20. Rad1 Rfe8 21. h4 Qe7 22.
Qd4 h5 23. Nd2 Nxd2 24. Rxd2 Bxa2 25. Ra1 Bc4 26. Rxa6 Bxe2 27. Rxd6 Rc4 28. Qb6 f4 29. Bd5 Rc1+ 30. Kh2 fxg3+ 31. fxg3 Kg7 32. Bxf7 Qxf7 33. Rd7 Re7 34. Qd4+ Kh7 35. Rd8 Qg7 36. Qf4 Rf1 37.
Qg5 Bf3 38. g4 hxg4 39. h5 Rh1+ 40. Kg3 Rxh5 41. Rh2 Rxh2 42. Kxh2 Qxb2+ 43. Kg3 Qg2+ 44. Kf4 Qh2# 0-1

[Event "*** SCC Grand Prix: Titled Tuesday Blitz"]
[Site "Chess.com"]
[Date "2020.06.23"]
[Round "1"]
[White "VladimirBugayev"]
[Black "stanyga"]
[Result "0-1"]
[WhiteElo "2269"]
[BlackElo "2607"]
[TimeControl "180+1"]
[EndTime "10:07:31 PDT"]
[Termination "stanyga won on time"]

1. e4 c5 2. a3 Nc6 3. b4 cxb4 4.
axb4 Nxb4 5. d4 d5 6. c3 Nc6 7. exd5 Qxd5 8. Na3 Nf6 9. Nb5 Qd8 10. d5 Bg4 11. f3 Bd7 12. dxc6 bxc6 13. Na3 e5 14. Nc4 Bc5 15. Be3 Bxe3 16. Nxe3 O-O 17. Bc4 Re8 18. Ne2 Qb6 19. Qc1 Be6 20. Bxe6 Rxe6 21. c4 Qd8 22. O-O e4 23. f4 Qd3 24. Ng3 Qd4 25. Rd1 Qc5 26.
Qa3 Qb6 27. c5 Qc7 28. f5 Re5 29. Rd6 Nd7 30. Rad1 Nxc5 31. Qc3 Nd3 32. R1xd3 exd3 33. Qxe5 d2 34. Qd4 a5 35. Qxd2 a4 36. Rd7 Qb6 37.
Ne4 a3 38. Nc3 h5 39. Kf1 a2 40. Nxa2 Qb1+ 41. Nc1 Ra3 42. Rd8+ Kh7 43. f6 Ra1 0-1

[Event "*** SCC Grand Prix: Titled Tuesday Blitz"]
[Site "Chess.com"]
[Date "2020.06.23"]
[Round "1"]
[White "ChronicUnhappiness"]
[Black "Aygehovit1992"]
[Result "0-1"]
[WhiteElo "2354"]
[BlackElo "2700"]
[TimeControl "180+1"]
[EndTime "10:07:33 PDT"]
[Termination "Aygehovit1992 won on time"]

1. c4 e5 2. Nc3 Nc6 3. Nf3 g6 4. d4 exd4 5. Nxd4 Bg7 6. Nxc6 bxc6 7. e4 Ne7 8. Be2 O-O 9. O-O f5 10. Bg5 h6 11. Be3 d6 12. Bd4 Bxd4 13. Qxd4 c5 14. Qd2 f4 15. Rad1 Be6 16. Nd5 g5 17. Qc3 Nc6 18.
b4 cxb4 19. Nxb4 Ne5 20. c5 g4 21. cxd6 cxd6 22. Nc6 Qc7 23. Rc1 Rac8 24. Bb5 f3 25. g3 Qb6 26. Ne7+ Kf7 27. Nxc8 Rxc8 28. Qb2 Rb8 29.
Qd2 Qxb5 30. Qxh6 Rg8 31. Rc7+ Nd7 32. Qf4+ Ke7 33. Rd1 Qe5 34. Qd2 Rg7 35. Rxa7 Kf6 36.
Qe3 Rh7 37. Ra4 Qh5 38. Qd4+ Ne5 0-1

[Event "*** SCC Grand Prix: Titled Tuesday Blitz"]
[Site "Chess.com"]
[Date "2020.06.23"]
[Round "1"]
[White "Mikhail_Golubev"]
[Black "Fortitudine"]
[Result "1-0"]
[WhiteElo "2595"]
[BlackElo "2256"]
[TimeControl "180+1"]
[EndTime "10:07:33 PDT"]
[Termination "Mikhail_Golubev won by checkmate"]

1. e4 c5 2. Nf3 d6 3. d4 cxd4 4. Nxd4 Nf6 5. Nc3 Nc6 6. Bc4 Qb6 7. Ndb5 a6 8. Be3 Qa5 9. Nd4 e6 10. O-O Be7 11. Bb3 O-O 12. f4 Bd7 13. Qf3 Rac8 14.
f5 Nxd4 15. Bxd4 e5 16. Bf2 Bc6 17. Rae1 Rcd8 18. Bh4 b5 19. a3 Qc7 20. Bxf6 Bxf6 21. Re2 a5 22. Nd5 Bxd5 23. Bxd5 Qc5+ 24. Kh1 b4 25. a4 Rc8 26. Rd1 Rc7 27. Bb3 Rd8 28. Rd5 Qb6 29. g3 Rc5 30. Rd3 Qc6 31. Kg2 Kf8 32. h4 h6 33. Kh3 Qd7 34. g4 Qe7 35. Qg3 Qe8 36. g5 hxg5 37. hxg5 Be7 38. Qh4 Kg8 39. f6 Qd7+ 40. Kh2 Bf8 41. g6 d5 42. Qh7# 1-0

[Event "*** SCC Grand Prix: Titled Tuesday Blitz"]
[Site "Chess.com"]
[Date "2020.06.23"]
[Round "1"]
[White "MaxVavulin"]
[Black "AlanTate"]
[Result "1-0"]
[WhiteElo "2566"]
[BlackElo "2182"]
[TimeControl "180+1"]
[EndTime "10:07:33 PDT"]
[Termination "MaxVavulin won on time"]

1. e4 e5 2. Nf3 Nc6 3. Bb5 Nf6 4. d3 Bc5 5. c3 d5 6. Nbd2 O-O 7. O-O dxe4 8. dxe4 Qe7 9. Qe2 a5 10. Nc4 Na7 11. Ncxe5 Nxb5 12. Qxb5 Nxe4 13. Bf4 Qf6 14. Nd3 Bb6 15. Rae1 Nd6 16. Qa4 Bf5 17. Bg5 Qg6 18.
Nf4 Bc2 19. Nxg6 Bxa4 20. Nxf8 Rxf8 21. b3 Bb5 22. c4 Nxc4 23. bxc4 Bxc4 24. Re4 Bxf1 25.
Kxf1 f6 26. Be3 Bxe3 27. Rxe3 Rf7 28. Ke2 Kf8 29. Nd4 Rd7 30. Ne6+ Kf7 31. Nc5 Rd5 32. Nxb7 Rb5 33. Nd8+ Kg6 34. Rg3+ Kf5 35. Rxg7 Rb2+ 36. Kf3 Rxa2 37. Rxc7 a4 38. Rc5+ Kg6 39.
Ne6 h6 40. Nf4+ Kf7 41. Rc7+ Ke8 42. Ra7 a3 43. Nd5 Rd2 44. Nxf6+ Kd8 45. Rxa3 1-0

[Event "*** SCC Grand Prix: Titled Tuesday Blitz"]
[Site "Chess.com"]
[Date "2020.06.23"]
[Round "1"]
[White "AndrewDGreen"]
[Black "cassoulet"]
[Result "0-1"]
[WhiteElo "2326"]
[BlackElo "2651"]
[TimeControl "180+1"]
[EndTime "10:07:34 PDT"]
[Termination "cassoulet won on time"]

1. e4 c5 2. Nf3 Nc6 3. Bb5 g6 4.
O-O Bg7 5. Nc3 Nd4 6. Bc4 e6 7. Nxd4 cxd4 8. Ne2 Ne7 9. d3 O-O 10.
Bb3 d5 11. f4 dxe4 12. dxe4 b6 13. e5 Ba6 14. Rf3 Nf5 15. g4 Bb7 16. Rh3 Nh6 17.
Nxd4 Nxg4 18. c3 h5 19. Bd2 Re8 20. Qe2 Qc7 21. Rg3 Rad8 22. Rc1 Nh6 23. f5 Nxf5 24. Nxf5 exf5 25. Rxg6 Rxe5 26. Bf4 Rxe2 27. Bxc7 Rdd2 28. Rg5 Rg2+ 29. Rxg2 Rxg2+ 30. Kf1 Rxb2 31. Rd1 Bxc3 32. Rd7 Ba6+ 33. Kg1 Rb1+ 34. Kf2 Rb2+ 35. Kg1 Kg7 36. Rxf7+ Kg6 37. Rd7 Bb4 38. Bd6 Rd2 39. Bf7+ Kf6 40. Be7+ Kxf7 0-1

[Event "*** SCC Grand Prix: Titled Tuesday Blitz"]
[Site "Chess.com"]
[Date "2020.06.23"]
[Round "1"]
[White "TigrVShlyape"]
[Black "Karacsonyi_Gellert"]
[Result "0-1"]
[WhiteElo "2909"]
[BlackElo "2471"]
[TimeControl "180+1"]
[EndTime "10:07:36 PDT"]
[Termination "Karacsonyi_Gellert won on time"]

1. d4 Nf6 2. Nf3 d5 3. Bf4 c5 4. e3 Nc6 5. Nbd2 e6 6. c3 Be7 7. Bd3 O-O 8. Ne5 Nd7 9. h4 Ndxe5 10. dxe5 f5 11. Nf3 b6 12. Ng5 Qe8 13. g4 Bxg5 14. hxg5 g6 15. Qf3 Qf7 16. O-O-O Bb7 17. gxf5 exf5 18.
Rh6 d4 19. Qe2 Na5 20. exd4 cxd4 21. e6 Qe7 22. Bb5 Rfd8 23. Qe5 dxc3 24. Rd7 cxb2+ 25. Kb1 Be4+ 26. Qxe4 Qxd7 27. exd7 fxe4 28. Bc7 a6 29. Ba4 b5 30. Bxa5 bxa4 31. Bxd8 Rxd8 32. Kxb2 Rxd7 33.
Rh4 Rd2+ 34. Ka3 Rxf2 35. Rxe4 Rg2 36. Re5 Kf7 37. Ra5 Re2 38. Rxa4 Re5 39. Rh4 Kg7 40.
Rg4 h5 41. gxh6+ Kxh6 42. Kb4 g5 43. a4 Kh5 44. Rd4 g4 45. Rd6 g3 0-1

[Event "*** SCC Grand Prix: Titled Tuesday Blitz"]
[Site "Chess.com"]
[Date "2020.06.23"]
[Round "1"]
[White "Harry_Rakkel"]
[Black "tan275"]
[Result "1/2-1/2"]
[WhiteElo "2564"]
[BlackElo "2253"]
[TimeControl "180+1"]
[EndTime "10:07:36 PDT"]
[Termination "Game drawn by repetition"]

1. d4 d5 2. Bf4 Nf6 3. e3 c5 4.
c3 Nc6 5. Nf3 Qb6 6. Qb3 c4 7.
Qxb6 axb6 8. Na3 Ra5 9. Bc7 Nd7 10. Nc2 e6 11. a3 Ra6 12. e4 b5 13. exd5 exd5 14. O-O-O Be7 15. Be2 O-O 16. Rhe1 Nb6 17. Ne5 Nxe5 18. dxe5 Bf5 19. Nd4 Bd7 20. Bxb6 Rxb6 21.
f4 Ra6 22. Bf3 Bc6 23. Nf5 Bxa3 24. bxa3 Rxa3 25. Kb2 Rb3+ 26. Kc2 b4 27. Ne7+ Kh8 28. Nxd5 Bxd5 29. Bxd5 Rxc3+ 30. Kd2 Ra8 31. Ke2 Ra2+ 32.
Rd2 Rxd2+ 33. Kxd2 Rd3+ 34. Kc2 Rxd5 35. e6 fxe6 36.
Rxe6 Kg8 37. Rb6 b3+ 38. Kc3 Rc5 39. Rxb7 Rc8 40. g4 g6 41. h4 Rc6 42. f5 gxf5 43. gxf5 Rc8 44. f6 Rc6 45. Rg7+ Kh8 46. Rf7 Kg8 47.
Rg7+ Kh8 48. Rf7 Kg8 49. Rg7+ 1/2-1/2